 Dungeon Crawl Stone Soup version 0.28-a0-653-g7e9dba17c3 (webtiles) character file.

Game seed: 5137178674910327983

10103 frimble the Tainter (level 11, -4/78 HPs)
             Began as an Octopode Venom Mage on Oct 12, 2021.
             Was a Follower of Cheibriados.
             Slain by a troll (8 damage)
             ... on level 12 of the Dungeon.
             The game lasted 00:32:39 (16220 turns).

frimble the Tainter (Octopode Venom Mage)          Turns: 16220, Time: 00:32:40

Health: -4/78      AC:  5    Str: 11    XL:     11   Next: 56%
Magic:  17/17      EV: 15    Int: 24    God:    Cheibriados [*.....]
Gold:   667        SH: 11    Dex: 15    Spells: 13/18 levels left

rFire   . . .      SeeInvis .   u - +3 short sword
rCold   . . .      Faith    .   r - +1 buckler
rNeg    . . .      Spirit   .   (helmet restricted)
rPois   .          Reflect  +   v - amulet of reflection
rElec   .          Harm     .   k - ring "Amna" {Will+ AC+4}
rCorr   .          Rampage  .   (no ring)
Will    +....                   (no ring)
Stlth   +++++.....              (no ring)
HPRegen 0.23/turn               (no ring)
MPRegen 0.15/turn               (no ring)
                                (no ring)
                                (no ring)

@: very slow
A: almost no armour, amphibious, 8 rings, camouflage 1, gelatinous body 1,
(nimble swimmer 1), tentacles
a: Renounce Religion, Bend Time


You were on level 12 of the Dungeon.
You worshipped Cheibriados.
Cheibriados was aware of your devotion.
You visited 3 branches of the dungeon, and saw 15 of its levels.

You collected 1361 gold pieces.
You spent 694 gold pieces at shops.

Inventory:

Hand Weapons
 a - a +0 dagger
 j - a +1 rapier
 u - a +3 short sword (weapon)
 y - a +0 short sword of speed
Missiles
 e - 62 poisoned darts
 A - a throwing net
Armour
 r - a +1 buckler (worn)
Jewellery
 d - a ring of flight
 g - a ring of ice
 k - the ring "Amna" (left tentacle) {Will+ AC+4}
   (You bought it in a shop on level 1 of the Dungeon)

   [ring of protection]

   AC:        It affects your AC (+4).
   Will:      It increases your willpower.
 v - an amulet of reflection (around mantle)
Wands
 m - a wand of flame (15)
 w - a wand of digging (3)
Scrolls
 h - 2 scrolls of amnesia
 l - a scroll of brand weapon
 n - a scroll of blinking
 q - a scroll of magic mapping
 s - a scroll of teleportation
 t - 2 scrolls of identify
 x - 2 scrolls of fog
 B - a scroll of enchant armour
Potions
 b - a potion of brilliance
 c - a potion of heal wounds
 f - a potion of attraction
 i - a potion of mutation
 o - a potion of flight
 p - 3 potions of haste


   Skills:
 + Level 8.8 Fighting
 + Level 8.7 Short Blades
 - Level 5.0 Dodging
 + Level 8.8 Stealth
 - Level 4.0 Shields
 - Level 4.1 Spellcasting
 - Level 1.0 Transmutations
 - Level 9.0 Poison Magic
 - Level 6.0 Evocations


You had 13 spell levels left.
You knew the following spells:

 Your Spells              Type           Power      Damage    Failure   Level
a - Sting                 Tmut/Pois      100%       1d8       1%          1
b - Olgreb's Toxic Radia  Pois           48%        N/A       2%          4

Your spell library contained the following spells:

 Spells                   Type           Power      Damage    Failure   Level
 Poisonous Vapours        Pois/Air       52%        N/A       2%          2
 Mephitic Cloud           Conj/Pois/Air  19%        N/A       9%          3
 Animate Skeleton         Necr           10%        N/A       10%         1
 Foxfire                  Conj/Fire      20%        2x1d5     10%         1
 Pain                     Necr           20%        1d5       10%         1
 Corpse Rot               Necr/Air       N/A        N/A       14%         2
 Inner Flame              Hex/Fire       5%         N/A       28%         3
 Vampiric Draining        Necr           2%         2d6       28%         3
 Animate Dead             Necr           2%         N/A       67%         4
 Borgnjor's Vile Clutch   Necr/Erth      2%         N/A       95%         5
 Death Channel            Necr           2%         N/A       100%        6


Dungeon Overview and Level Annotations

Branches:
Dungeon (12/15)            Temple (1/1) D:4            Lair (0/6) D:8
    Orc (2/2) D:9
    Elf: Orc:2

Altars:
Ashenzari
Cheibriados
Dithmenos
Elyvilon
Fedhas
Gozag
Hepliaklqana
Kikubaaqudgha
Makhleb
Nemelex Xobeh
Okawaru
Qazlal
Ru
Sif Muna
Trog
Uskayaw
Vehumet
Wu Jian
Xom
Yredelemnul
Zin
The Shining One

Shops:
D:1 **=?   D:7 [

Annotations:
D:3 3 runed translucent doors, KoroneIsBestGirl's ghost, amateur BaIE
D:5 3 runed translucent doors, PocketSox's ghost, amateur OpBe


Innate Abilities, Weirdness & Mutations

You cannot wear most types of armour.
You are amphibious.
You can wear up to eight rings at the same time.
Your skin changes colour to match your surroundings (Stealth+).
Your rubbery body absorbs attacks. (AC +1, EV +1)
((You are camouflaged near water. (Stealth+)))
You have tentacles for arms and can constrict up to eight enemies at once.


Message History

Unknown command.
Unknown command.
Okay, then.
Unknown command.
Unknown command.
You puncture the troll! You squeeze the troll.
The troll is moderately wounded.
The troll bites you! You block the troll's attack.
The troll completely misses you.
You hit the troll but do no damage.
The troll is moderately wounded.
You hit the troll.
The troll is heavily wounded.
You block the troll's attack. x2; The troll claws you!
You hit the troll.
The troll is heavily wounded.
You block the troll's attack. The troll claws you but does no damage.
You block the troll's attack.
You hit the troll. You squeeze the troll.
The troll is severely wounded.
You barely miss the troll.
The troll is severely wounded.
The troll bites you. The troll claws you! You block the troll's attack.
You hit the troll but do no damage.
The troll is severely wounded.
You closely miss the troll.
The troll is severely wounded.
You block the troll's attack. The troll closely misses you. x2
You hit the troll.
The troll is severely wounded.
You block the troll's attack. The troll claws you!
* * * LOW HITPOINT WARNING * * *
The troll claws you!
* * * LOW HITPOINT WARNING * * *
You closely miss the troll.
The troll is severely wounded.
You hit the troll.
The troll is severely wounded.
You block the troll's attack. The troll claws you!
You die...

###... #....#
#....# #....#
#....# #....+
#..T.######.
#...@.......
#...<.......
...............
###############


You could see a troll.

Vanquished Creatures
  Harold (D:10)
  An ugly thing (D:8)
  Joseph (D:7)
  An unseen horror (D:10)
  4 trolls
  Grinder (D:5)
  Prince Ribbit (D:6)
  A hornet (D:7)
  A shadow (D:9)
  3 wraiths
  A ynoxinul (D:10)
  6 yaks
  2 steam dragons
  3 water moccasins
  7 orc warriors
  A sky beast (D:5)
  2 black bears
  An ice beast (D:7)
  A necrophage (D:6)
  7 ogres
  6 centaurs
  A phantom (D:5)
  A kobold brigand (D:9)
  8 bullfrogs
  2 gnoll sergeants
  A wyvern zombie (D:5)
  2 scorpions
  A water moccasin skeleton (D:6)
  3 killer bees (D:10)
  A vampire bat (D:5)
  4 centaur zombies
  2 centaur skeletons
  A gnoll shaman (D:4)
  5 orc priests
  2 hounds (D:6)
  2 bullfrog skeletons
  2 jellies
  3 iguanas
  13 orc wizards
  A killer bee zombie (D:8)
  6 adders
  18 gnolls
  A shadow imp (D:7)
  A white imp (D:8)
  2 worms
  2 dart slugs
  37 orcs
  2 endoplasms
  2 giant cockroaches
  6 goblins
  8 hobgoblins
  4 jackals (D:1)
  4 quokkas
  9 ball pythons
  15 bats
  6 frilled lizards
  11 kobolds
  5 rats
  A spectral orc (D:7)
247 creatures vanquished.

Vanquished Creatures (others)
  48 fungi (D:8)
  40 plants (D:8)
88 creatures vanquished.

Grand Total: 335 creatures vanquished

Notes
Turn   | Place    | Note
-------+----------+-------------------------------------------
     0 | D:1      | frimble the Octopode Venom Mage began the quest for the
                  | Orb.
     0 | D:1      | Reached XP level 1. HP: 11/11 MP: 3/3
     5 | D:1      | Found Iwovvo's Assorted Antiques.
   286 | D:1      | Reached skill level 4 in Poison Magic
   286 | D:1      | Reached XP level 2. HP: 10/17 MP: 0/5
   508 | D:1      | Found Eghuz's Assorted Antiques.
   871 | D:1      | Found Ygaakig's Jewellery Shop.
  1070 | D:1      | Reached skill level 5 in Poison Magic
  1070 | D:1      | Reached XP level 3. HP: 15/21 MP: 3/6
  1386 | D:1      | Found Aten's Magic Scroll Boutique.
  1980 | D:2      | Reached XP level 4. HP: 27/27 MP: 4/7
  2326 | D:2      | Reached skill level 6 in Poison Magic
  2729 | D:3      | Found a blossoming altar of Fedhas.
  3287 | D:2      | Reached XP level 5. HP: 20/31 MP: 3/8
  3443 | D:2      | Learned a level 4 spell: Olgreb's Toxic Radiance
  4176 | D:3      | Found a runed translucent gate.
  4176 | D:3      | Found a runed translucent gate.
  4176 | D:3      | Found a runed translucent gate.
  4250 | D:3      | Noticed KoroneIsBestGirl's ghost (amateur BaIE)
  4382 | D:4      | Noticed an ogre
  4409 | D:4      | Killed an ogre
  4410 | D:4      | Reached skill level 7 in Poison Magic
  4410 | D:4      | Reached XP level 6. HP: 36/36 MP: 2/10
  4850 | D:1      | Bought a scroll labelled WESA YVA EFFU for 21 gold pieces
  4850 | D:1      | Bought a scroll labelled LAPLYT VISKIARR for 21 gold pieces
  4850 | D:1      | Bought a scroll labelled CUICVIOBUO for 21 gold pieces
  4853 | D:1      | Acquired 645 gold pieces
  4894 | D:1      | Bought the ring "Amna" {Will+ AC+4} for 631 gold pieces
  5288 | D:4      | Found a staircase to the Ecumenical Temple.
  6036 | D:5      | Entered Level 5 of the Dungeon
  6181 | D:5      | Reached skill level 8 in Poison Magic
  6231 | D:5      | Reached XP level 7. HP: 41/41 MP: 12/12
  6376 | D:5      | Noticed Grinder
  6396 | D:5      | Killed Grinder
  6839 | D:5      | Found a runed translucent gate.
  6839 | D:5      | Found a runed translucent gate.
  6839 | D:5      | Found a runed translucent gate.
  6850 | D:5      | Reached XP level 8. HP: 32/46 MP: 6/14
  7046 | D:5      | Noticed PocketSox's ghost (amateur OpBe)
  7409 | D:5      | Identified the +1 cloak of Honour {rC+}
  8011 | D:6      | Reached skill level 5 in Stealth
  8054 | D:6      | Reached skill level 1 in Fighting
  8365 | D:6      | Reached XP level 9. HP: 54/54 MP: 15/15
  8525 | D:6      | Noticed Prince Ribbit
  8546 | D:6      | Killed Prince Ribbit
  9457 | D:7      | Found an iron altar of Okawaru.
  9513 | D:7      | Found a radiant altar of Vehumet.
  9553 | D:7      | Reached skill level 5 in Short Blades
  9696 | D:7      | Reached skill level 9 in Poison Magic
 10031 | D:7      | Found Wegaimea's Antique Armour Emporium.
 10266 | D:7      | Found a sacrificial altar of Ru.
 10304 | D:7      | Noticed Joseph
 10304 | D:7      | Noticed a hornet
 10309 | D:7      | Killed a hornet
 10310 | D:7      | Reached skill level 5 in Dodging
 10310 | D:7      | Reached XP level 10. HP: 42/65 MP: 7/16
 10320 | D:7      | Killed Joseph
 10321 | D:7      | Reached skill level 5 in Fighting
 10500 | D:7      | Found an ancient bone altar of Kikubaaqudgha.
 10669 | D:7      | Found a basalt altar of Yredelemnul.
 11086 | D:8      | Noticed a purple ugly thing
 11101 | D:8      | Killed a purple ugly thing
 11540 | D:8      | Found a staircase to the Lair.
 11550 | D:8      | Reached skill level 5 in Evocations
 12149 | D:9      | Found a staircase to the Orcish Mines.
 12283 | Temple   | Entered the Ecumenical Temple
 12333 | Temple   | Became a worshipper of Cheibriados the Contemplative
 12466 | Orc:1    | Entered Level 1 of the Orcish Mines
 13310 | D:9      | Reached XP level 11. HP: 75/75 MP: 17/17
 13334 | D:9      | Found a burning altar of Makhleb.
 13680 | D:9      | Found a shadowy altar of Dithmenos.
 14714 | Orc:2    | Entered Level 2 of the Orcish Mines
 14871 | D:10     | Entered Level 10 of the Dungeon
 15079 | D:10     | Reached * piety under Cheibriados
 15377 | D:10     | Noticed Harold
 15397 | D:10     | Killed Harold
 15445 | D:10     | Found a shimmering blue altar of Sif Muna.
 15457 | D:10     | Got Sif Muna's Papyrus of the Arsonist
 15468 | D:10     | Found a bloodstained altar of Trog.
 16220 | D:12     | Slain by a troll

Illustrated notes

Levels and vault maps discovered:
D:1:      dpeg_arrival_rooms_a, layout_basic, serial_shops,
          nicolae_shop_competitors_out_of_business, shop_fountains, shop,
          nicolae_shop_statue_plus, st_stairs_2
D:2:      layout_basic, minmay_close_crescents
D:3:      layout_basic, fedhas_ov_isle_minmay, ebering_ghost_rock_garden,
          minmay_misc_feat_plants
D:4:      layout_layer_cave, minmay_temple_entry_butterflies
D:5:      layout_cave_pools, gammafunk_ghost_necromancy, serial_column_ruins,
          column_ruins_grid_1, column_ruins_columns_corner,
          column_ruins_open_medium, column_ruins_open_medium,
          column_ruins_columns_straight, column_ruins_columns_corner,
          column_ruins_grid_1, roderic_batcave, minmay_puff, uniq_grinder
D:6:      layout_cave_pods, uniq_prince_ribbit1
D:7:      layout_cave_pools, mainiacjoe_overflow_paths,
          yredelemnul_forgotten_temple_becter,
          mainiacjoe_overflow_small_starburst,
          nicolae_ru_great_annihilating_truth, okawaru_ov_weapons_minmay,
          serial_shops, shop_fountains, lightli_orcish_oven, uniq_joseph
D:8:      layout_basic, due_lair_maze_entry_diamond
D:9:      layout_layer_cave, mainiacjoe_overflow_boulevard,
          grunt_dithmenos_smoke
D:10:     layout_roguey, nzn_overflow_gifts_of_might_and_magic, uniq_harold
D:11:     layout_cave_pods, ashenzari_altar_1
D:12:     layout_irregular_city, serial_rivers, chequers_serial_rivers_small_a,
          chequers_serial_rivers_large_b, chequers_serial_rivers_small_3,
          chequers_serial_rivers_room_a, chequers_serial_rivers_small_a,
          chequers_serial_rivers_room_a, uniq_josephine
Temple:   minmay_temple_bridge_abc
Orc:1:    layout_diamond_mine
Orc:2:    st_orc_elflike, layout_diamond_mine, uniq_maurice

Skill      XL: |  1  2  3  4  5  6  7  8  9 10 11 |
---------------+----------------------------------+-----
Poison Magic   | 4 5 6 7 8 9 |  9.0
Spellcasting   | 3 4 |  4.1
Short Blades   | 4 6 7 8 |  8.7
Shields        | 4 |  4.0
Stealth        | 6 8 |  8.8
Fighting       | 2 4 7 8 |  8.8
Dodging        | 5 |  5.0
Evocations     | 6 |  6.0
Transmutations | |  1.0

Action                   |  1- 3 |  4- 6 |  7- 9 | 10-12 || total
-------------------------+-------+-------+-------+-------++-------
Melee: Unarmed           |     5 |       |       |       ||     5
       Tentacles         |     2 |     5 |    28 |    45 ||    80
       Dagger            |    44 |    24 |       |       ||    68
       Constrict         |     9 |    18 |    17 |    21 ||    65
       Rapier            |       |    57 |    85 |       ||   142
       Short sword       |       |       |    55 |   261 ||   316
 Cast: Sting             |    38 |    35 |    24 |    31 ||   128
       Olgreb's Toxic Ra |       |     8 |    33 |    30 ||    71
Evoke: Wand              |       |       |    21 |    11 ||    32
  Use: Scroll            |     3 |    10 |     1 |     5 ||    19
       Potion            |       |       |     5 |     2 ||     7
 Stab: Sleeping          |     6 |    14 |     5 |     6 ||    31
       Paralysed         |       |       |     1 |     6 ||     7
Armor: Skin              |     4 |     9 |    52 |    24 ||    89
Dodge: Dodged            |    48 |    60 |   139 |    96 ||   343
Block: Buckler           |       |       |    55 |   128 ||   183
       Reflection        |       |       |       |     8 ||     8

Table legend: (Time is in decaauts)
 A = Elapsed time spent in this place.
 B = Non-inter-level travel time spent in this place.
 C = Inter-level travel time spent in this place.
 D = Time resting spent in this place.
 E = Time spent auto-exploring this place.
 F = Levels seen in this place.
 G = Mean time per level.
                   A        B        C        D        E       F      G
               +--------+--------+--------+--------+--------+-----+--------+
         Total |  16888 |  15667 |   1221 |    138 |  13226 |  15 | 1125.9 |
       Dungeon |  16189 |  15038 |   1151 |    138 |  12685 |  12 | 1349.1 |
        Temple |     77 |     50 |     27 |      0 |     38 |   1 |   77.0 |
  Orcish Mines |    621 |    578 |     43 |      0 |    503 |   2 |  310.5 |
               +--------+--------+--------+--------+--------+-----+--------+

Top non-repeatable levels by time:
     D:9: 2279 daAuts
     D:4: 2130 daAuts
     D:1: 1880 daAuts
     D:6: 1539 daAuts
     D:7: 1505 daAuts
     D:3: 1381 daAuts
     D:5: 1354 daAuts
     D:2: 1337 daAuts
     D:8: 1263 daAuts
    D:10: 1204 daAuts
   Orc:1: 493 daAuts
    D:11: 304 daAuts
   Orc:2: 128 daAuts
  Temple: 77 daAuts
    D:12: 8 daAuts
